 Dungeon Crawl Stone Soup version 0.25-a0-1079-g858b6a6ff6 (webtiles) character file.

Game seed: 10285272164269979151, levelgen mode: deterministic

686 vurker the Cutter (level 7, -5/38 HPs)
             Began as a Vine Stalker Assassin on May 15, 2020.
             Killed by divine providence
             ... invoked by an orc priest
              (13 damage)
             ... on level 5 of the Dungeon.
             The game lasted 00:07:42 (4066 turns).

vurker the Cutter (Vine Stalker Assassin)           Turns: 4066, Time: 00:07:42

Health: -5/38      AC:  9    Str: 16    XL:     7   Next: 62%
Magic:  0/8        EV: 26    Int: 11    God:
Gold:   249        SH:  0    Dex: 15    Spells: 6/6 levels left

rFire    + . .     SeeInvis .   a - +3 dagger
rCold    . . .     Gourm    .   (no shield)
rNeg     . . .     Faith    .   q - +1 scale mail {rF+}
rPois    .         Spirit   +   b - +0 helmet
rElec    .         Reflect  .   c - +0 cloak
rCorr    .         Harm     .   (no gloves)
MR       .....                  (no boots)
Stlth    ..........             g - amulet of the acrobat
HPRegen  0.52/turn              m - ring of attention (curse)
MPRegen  0.11/turn              (no ring)

@: acrobat
A: fangs 2, hooves 1, repulsion field 1, regeneration 1, wild magic 1, evolution
1, magic shield, antimagic bite, no potion heal 3, rot immunity
a: no special abilities


You were on level 5 of the Dungeon.
You were not hungry.

You visited 1 branch of the dungeon, and saw 5 of its levels.

You collected 249 gold pieces.

Inventory:

Hand Weapons
 a - a +3 dagger (weapon)
Missiles
 d - 8 poisoned darts (quivered)
 f - 14 curare-tipped darts
 n - a throwing net
Armour
 b - a +0 helmet (worn)
   (You took it off Robin on level 2 of the Dungeon)
 c - a +0 cloak (worn)
 q - a +1 scale mail of fire resistance (worn)
   (You took it off an orc on level 3 of the Dungeon)
Jewellery
 g - an amulet of the acrobat (around neck)
   (You found it on level 1 of the Dungeon)
 m - a cursed ring of attention (left hand)
   (You found it on level 1 of the Dungeon)
Scrolls
 o - a scroll of magic mapping
Potions
 h - a potion of resistance
 i - 2 potions of flight
 j - 3 potions of curing
 l - 2 potions of cancellation
 r - a potion of might {unknown}
 s - a potion of stabbing
Comestibles
 e - 10 rations
 k - 7 chunks of flesh


   Skills:
 + Level 4.5 Fighting
 * Level 6.2 Short Blades
 - Level 1.7 Throwing
 - Level 0.7 Dodging
 - Level 4.8 Stealth


You had 6 spell levels left.
You didn't know any spells.
Your spell library was empty.

Dungeon Overview and Level Annotations

Branches:
Dungeon (5/15)
 Temple: D:4-7

Altars:
Okawaru

Annotations:
D:4 2 runed translucent doors, UristMcRaven's ghost, novice DECj


Innate Abilities, Weirdness & Mutations

You have extremely sharp teeth.
Your natural rate of healing is unusually fast.
When hurt, damage is shared between your health and your magic reserves.
Your bite disrupts and absorbs the magic of your enemies.
Potions cannot restore your health.
You are immune to rotting.
You have large cloven feet.
You are surrounded by a mild repulsion field. (EV +2)
Your spells are a little harder to cast, but a little more powerful.
You evolve.


Message History

You hit the gnoll.
You kill the gnoll!
You hear a shout!
You closely miss something. You kick something. You bite something.
Something hits you but does no damage.
An orc priest comes into view. It is wielding a +0 hand axe.
An orc comes into view. It is wielding a +0 hand axe.
You hit something. You kick something. You bite something. You drain its magic.
Something hits you but does no damage.
You barely miss something. Something hits you but does no damage.
You miss something. Something hits you but does no damage.
You hit something but do no damage. You bite something. You drain its magic.
Something hits you but does no damage. Something completely misses you.
You hit something. Something hits you but does no damage.
You barely miss something. You kick something.
Reactivating autopickup.
You feel a bit more experienced.
You barely miss the gnoll. You bite the gnoll, but do no damage.
The gnoll barely misses you.
You barely miss the gnoll. Your kick misses the gnoll.
You bite the gnoll, but do no damage. The orc hits you.
You hit the gnoll but do no damage. Your kick misses the gnoll.
You bite the gnoll. You drain its power. The gnoll closely misses you.
You hit the gnoll but do no damage. You kick the gnoll, but do no damage.
The orc misses you. The gnoll hits you but does no damage.
You barely miss the gnoll. Your kick misses the gnoll.
Your bite misses the gnoll. The orc hits you but does no damage.
You closely miss the gnoll. You kick the gnoll. Your bite misses the gnoll.
The gnoll hits you with a +1 flail of protection!
The orc priest looks encouraged for a moment.
You hit the gnoll. You kick the gnoll. You bite the gnoll, but do no damage.
You hit the gnoll but do no damage. You bite the gnoll, but do no damage.
The gnoll barely misses you.
The orc priest looks braver for a moment.
You hit the gnoll.
The orc priest invokes the aid of Beogh against you.
Beogh smites you!
The gnoll hits you with a +1 flail of protection.
* * * LOW HITPOINT WARNING * * *
The orc priest mumbles some strange prayers to Beogh against you.
Beogh smites you!
* * * LOW HITPOINT WARNING * * *
The orc completely misses you.
The orc priest calls down the wrath of Beogh upon you.
Beogh smites you!
You die...

######.......##
##.#####
#......#####
##......
#..........# #.o..##
#..........####o...#
#..............)...#
#....<.....#.g##g)##
#.....#.....og##)##
#.....###..#.##..o
#..........@####..o
#..........## ..oo.
.........## .....#
....... >##..# .....
.. ... ....! ####


You could see an orc priest, 2 gnolls and 2 orcs.

Vanquished Creatures
  Grinder (D:3)
  A centaur (D:5)
  A howler monkey (D:4)
  2 orc priests (D:4)
  A hound (D:4)
  An orc wizard (D:5)
  2 worker ants
  Robin (D:2)
  2 gnolls (D:5)
  8 adders
  3 worms
  2 dart slugs
  4 leopard geckos
  12 orcs
  7 giant cockroaches
  13 goblins
  6 hobgoblins
  12 jackals
  6 kobolds
  A quokka (D:4)
  A ball python (D:2)
  5 bats
  4 frilled lizards
  9 rats
105 creatures vanquished.

Notes
Turn   | Place    | Note
-------+----------+-------------------------------------------
     0 | D:1      | vurker the Vine Stalker Assassin began the quest for the
                  | Orb.
     0 | D:1      | Reached XP level 1. HP: 11/11 MP: 2/2
    30 | D:1      | Reached skill level 2 in Short Blades
   115 | D:1      | Reached XP level 2. HP: 15/15 MP: 3/3
   758 | D:1      | Reached XP level 3. HP: 12/18 MP: 4/4
  1374 | D:2      | Reached skill level 3 in Short Blades
  1922 | D:2      | Gained mutation: Your natural rate of healing is unusually
                  | fast. [Vine Stalker growth]
  1922 | D:2      | Reached XP level 4. HP: 23/23 MP: 5/5
  1971 | D:2      | Found a faded altar of an unknown god.
  1972 | D:2      | Gained mutation: Scrolls take you a little longer to read.
                  | [potion of mutation]
  1972 | D:2      | Gained mutation: You are dopey. (Int -2) [potion of
                  | mutation]
  1972 | D:2      | Gained mutation: You have large cloven feet. [potion of
                  | mutation]
  1973 | D:2      | Lost mutation: Scrolls take you a little longer to read.
                  | [potion of mutation]
  1973 | D:2      | Lost mutation: You are dopey. (Int -2) [potion of mutation]
  1973 | D:2      | Gained mutation: You evolve. [potion of mutation]
  1973 | D:2      | Gained mutation: You are surrounded by a mild repulsion
                  | field. (EV +2) [potion of mutation]
  1973 | D:2      | Gained mutation: Your spells are a little harder to cast,
                  | but a little more powerful. [potion of mutation]
  2105 | D:2      | Noticed Robin
  2124 | D:2      | Killed Robin
  2163 | D:2      | Found an iron altar of Okawaru.
  2283 | D:3      | Noticed Grinder
  2304 | D:3      | Reached XP level 5. HP: 28/28 MP: 6/6
  2310 | D:3      | Paralysed by Grinder for 3 turns
  2318 | D:3      | Killed Grinder
  2318 | D:3      | Reached skill level 5 in Short Blades
  2318 | D:3      | Reached XP level 6. HP: 5/33 MP: 0/7
  3206 | D:4      | Reached XP level 7. HP: 29/37 MP: 8/8
  3511 | D:4      | Found a runed translucent door.
  3515 | D:4      | Noticed UristMcRaven's ghost (novice DECj)
  3661 | D:4      | Found a runed translucent door.
  3966 | D:5      | Entered Level 5 of the Dungeon
  3972 | D:5      | Reached skill level 6 in Short Blades
  4066 | D:5      | Killed from afar by an orc priest

Illustrated notes

Levels and vault maps discovered:
D:1:      tarquinn_simple_flora_water_c, layout_loops_ring, serial_forest,
          infiniplex_forest_lined_2, infiniplex_forest_clump_diagonal,
          infiniplex_forest_straight_3, infiniplex_forest_clump_medium,
          infiniplex_forest_straight_3, chequers_serial_rivers_room_b
D:2:      layout_loops_ring, okawaru_metal_pillars_1_2,
          chequers_ecumenical_altar_simple_redux, uniq_robin
D:3:      layout_basic, hangedman_abyss_or_decor_lesser_grid, wad_orctagon,
          uniq_grinder
D:4:      layout_loops_ring, ebering_ghost_sewer_f
D:5:      layout_cave_pools, chequers_ossuary_entry_cave, first_ration,
          minmay_misc_feat_iff, uniq_crazy_yiuf_cottage

Skill      XL: |  1  2  3  4  5  6  7 |
---------------+----------------------+-----
Short Blades   | 2 3 5 6 |  6.2
Fighting       | 2 3 4 |  4.5
Throwing       | |  1.7
Dodging        | |  0.7
Stealth        | |  4.8

Action                   |  1- 3 |  4- 6 |  7- 9 || total
-------------------------+-------+-------+-------++-------
Melee: Dagger            |   127 |   145 |    79 ||   351
       Bite              |    25 |    40 |    28 ||    93
       Kick              |       |    40 |    22 ||    62
Throw: Dart              |       |     6 |       ||     6
       Throwing net      |       |     1 |       ||     1
  Use: Scroll            |     7 |     7 |     2 ||    16
       Potion            |     2 |     2 |       ||     4
 Stab: Sleeping          |     7 |       |       ||     7
       Held in net/web   |       |     1 |       ||     1
  Eat: Chunk             |     3 |     4 |     3 ||    10
Armor: Robe              |    12 |       |       ||    12
       Ring mail         |       |    32 |       ||    32
       Scale mail        |       |     3 |    17 ||    20
Dodge: Dodged            |    65 |    91 |    35 ||   191

Table legend:
 A = Non-vault XP
 B = Vault XP
 C = Vault XP percentage of total XP
 D = Non-vault monster count
 E = Vault monster count
 F = Vault count percentage of total count
                 A         B        C        D         E       F
            +---------+---------+-------+---------+---------+-------
      Total |     663 |     317 |  32.3 |      92 |      13 |  12.4
            +---------+---------+-------+---------+---------+-------
        D:1 |      44 |       0 |   0.0 |      26 |       0 |   0.0
        D:2 |      91 |      28 |  23.5 |      28 |       8 |  22.2
        D:3 |      84 |     289 |  77.5 |      19 |       5 |  20.8
        D:4 |     231 |       0 |   0.0 |      13 |       0 |   0.0
        D:5 |     213 |       0 |   0.0 |       6 |       0 |   0.0
            +---------+---------+-------+---------+---------+-------
